 Dungeon Crawl Stone Soup version 0.28.0-53-g5a82cb258f (webtiles) character file.

Game seed: 1993009603204462503

46 styxcanada the Sneak (level 3, -5/18 HPs)
             Began as a Spriggan Brigand on May 25, 2022.
             Killed by nerve-wracking pain
             ... invoked by Menkaure
              (10 damage)
             ... on level 4 of the Dungeon on May 26, 2022.
             The game lasted 00:05:33 (1499 turns).

styxcanada the Sneak (Spriggan Brigand)             Turns: 1499, Time: 00:05:33

Health: -5/18      AC:  3    Str: 13    XL:     3   Next: 46%
Magic:  4/4        EV: 17    Int: 12    God:
Gold:   53         SH:  0    Dex: 18    Spells: 2/2 levels left

rFire   . . .      SeeInvis +   a - +2 dagger
rCold   . . .      Faith    .   (no shield)
rNeg    . . .      Spirit   .   b - +0 robe
rPois   .          Reflect  .   (helmet restricted)
rElec   .          Harm     .   c - +0 cloak
rCorr   .          Rampage  .   (gloves unavailable)
Will    .....                   (boots unavailable)
Stlth   ++++......              (no amulet)
HPRegen 0.06/turn               g - +6 ring of strength
MPRegen 0.09/turn               (no ring)

@: very quick
A: very small, no large weapons, unfitting armour, see invisible, speed 3
a: no special abilities


You were on level 4 of the Dungeon.
You visited 1 branch of the dungeon, and saw 3 of its levels.

You collected 53 gold pieces.

Inventory:

Hand Weapons
 a - a +2 dagger (weapon)
Missiles
 d - 4 poisoned darts (quivered)
 e - 2 curare-tipped darts
 f - 49 stones
Armour
 b - a +0 robe (worn)
 c - a +0 cloak (worn)
Jewellery
 g - a +6 ring of strength (left hand)
Scrolls
 j - a scroll of fear {unknown}
 m - a scroll of enchant armour {unknown}
 n - 2 scrolls of fog {unknown}
 o - 3 scrolls of amnesia {unknown}
Potions
 h - a potion of curing {unknown}
 i - a potion of degeneration {unknown}
 k - a potion of ambrosia {unknown}
 l - 2 potions of lignification {unknown}


   Skills:
 * Level 1.8 Fighting
 + Level 2.2 Short Blades
 + Level 2.1 Throwing
 * Level 2.0 Dodging
 * Level 7.3 Stealth


You had 2 spell levels left.
You didn't know any spells.
Your spell library contained the following spells:

 Spells                   Type           Power      Damage    Failure   Level
 Animate Skeleton         Necr           0%         N/A       32%         1
 Pain                     Necr           0%         1d4       32%         1
 Vampiric Draining        Necr           0%         2d6       69%         3


Dungeon Overview and Level Annotations

Branches:
Dungeon (2/15)

Altars:

Annotations:
D:4 Menkaure


Innate Abilities, Weirdness & Mutations

You are very small and have problems with some larger weapons.
You are too small for most types of armour.
You have supernaturally acute eyesight. (SInv)
You cover ground extremely quickly. (Speed+++)


Message History

The shaft crumbles and collapses.
Found a stone staircase leading up.
Found 7 gold pieces.
Menkaure, Prince of Dust comes into view.
You see here 10 gold pieces.
Menkaure misses you.
You hit Menkaure.
Menkaure is lightly damaged.
Menkaure closely misses you.
Menkaure gestures wildly while chanting.
Menkaure seems to speed up.
Throw: 8 darts (poison)
Press: ? - help, Q - select action, (/) - cycle Shift-Dir - straight line, f - Menkaure
Aim: Menkaure (lightly damaged, fast, 76% to hit)
You throw a poisoned dart. The poisoned dart hits Menkaure.
Menkaure is lightly damaged.
Throw: 7 darts (poison)
Press: ? - help, Q - select action, (/) - cycle Shift-Dir - straight line, f/p - Menkaure
Aim: Menkaure (lightly damaged, fast, 76% to hit)
You throw a poisoned dart. The poisoned dart hits Menkaure.
Menkaure is lightly damaged.
Menkaure casts a spell at you. Pain shoots through your body!
Ouch! That really hurt!
* * * LOW HITPOINT WARNING * * *
Throw: 6 darts (poison)
Press: ? - help, Q - select action, (/) - cycle Shift-Dir - straight line, f/p - Menkaure
Aim: Menkaure (lightly damaged, fast, 76% to hit)
You throw a poisoned dart. The poisoned dart hits Menkaure.
Menkaure is lightly damaged.
Menkaure mumbles drily.
Throw: 5 darts (poison)
Press: ? - help, Q - select action, (/) - cycle Shift-Dir - straight line, f/p - Menkaure
Aim: Menkaure (lightly damaged, fast, 76% to hit)
You throw a poisoned dart. The poisoned dart hits Menkaure.
Menkaure is lightly damaged.
Menkaure points at you and mumbles some strange words.
Pain shoots through your body!
Ouch! That really hurt!
You die...

#.# #.# ######M#
### #......##..
#(######.# #M#
###.# #.# #..##
#.###.#.##
#.(.M...@#
#####.###.......
#.# ####.## #..
####


You could see Menkaure (fast).

Vanquished Creatures
  An adder (D:2)
  A dart slug (D:2)
  4 endoplasms
  3 giant cockroaches
  A goblin (D:1)
  2 hobgoblins
  3 kobolds (D:1)
  2 quokkas (D:1)
  8 ball pythons
  3 bats (D:1)
  2 frilled lizards (D:1)
  4 rats
34 creatures vanquished.

Vanquished Creatures (others)
  5 fungi (D:1)
  9 plants (D:1)
14 creatures vanquished.

Grand Total: 48 creatures vanquished

Notes
Turn   | Place    | Note
-------+----------+-------------------------------------------
     0 | D:1      | styxcanada the Spriggan Brigand began the quest for the
                  | Orb.
     0 | D:1      | Reached XP level 1. HP: 10/10 MP: 2/2
    71 | D:1      | Reached skill level 6 in Stealth
   184 | D:1      | Found a faded altar of an unknown god.
   266 | D:1      | Reached XP level 2. HP: 14/15 MP: 3/3
   915 | D:1      | Reached skill level 7 in Stealth
   985 | D:2      | Reached XP level 3. HP: 18/18 MP: 4/4
  1453 | D:2      | You fall into a shaft and drop 2 floors!
  1465 | D:4      | Noticed Menkaure
  1499 | D:4      | Killed from afar by Menkaure

Illustrated notes

Levels and vault maps discovered:
D:1:      tarquinn_simple_flora_water_f, layout_rooms,
          dreamdust_ecumenical_altar_grove
D:2:      layout_rooms, serial_co_window_serial, co_window_paths_a,
          co_window_paths_a, co_window_paths_b, co_window_paths_b,
          co_window_of_opportunity_a, co_window_paths_b, co_window_cross_3,
          co_window_cross_2, co_window_corner_b, co_window_corner_ca,
          co_window_unsneaky_path_d, co_window_broadway_b, co_window_paths_e,
          glass_columns_b, glass_columns_a, glass_columns_a,
          minmay_misc_feat_rugged, kennysheep_jessica_study
D:4:      layout_loops_corners, serial_shops, nicolae_shop_hallway_stairs,
          hangedman_abyss_or_decor_lesser_grid, kennysheep_generic_room_16,
          uniq_menkaure

Skill      XL: |  1  2  3 |
---------------+----------+-----
Stealth        | 6 7 |  7.3
Dodging        | 2 |  2.0
Fighting       | |  1.8
Short Blades   | |  2.2
Throwing       | |  2.1

Action                   || total
-------------------------++-------
Melee: Dagger            ||    80
       Punch             ||     1
Throw: Dart              ||    14
 Stab: Sleeping          ||    10
Armor: Robe              ||     8
Dodge: Dodged            ||    52
